 Dungeon Crawl Stone Soup version 0.16-a0-1885-g0f03bb0 (webtiles) character file.

174 timbw the Chopper (level 5, -2/27 HPs)
             Began as a Vine Stalker Berserker on Nov 6, 2014.
             Was a Believer of Trog.
             Slain by a worker ant (5 damage)
             ... on level 4 of the Dungeon.
             The game lasted 00:02:57 (543 turns).

timbw the Chopper (Vine Stalker Berserker)           Turns: 543, Time: 00:02:57

Health: -2/27      AC:  5    Str: 20    XL:     5   Next: 54%
Magic:  0/7        EV: 10    Int:  7    God:    Trog [**....]
Gold:   78         SH:  0    Dex: 14    Spells: 0 memorised, 4 levels left

rFire  . . .     SeeInvis .     a - +0 hand axe
rCold  . . .     Clarity  .     j - +0 ring mail
rNeg   . . .     SustAb   .     (no shield)
rPois  .         Gourm    .     (no helmet)
rElec  .         Spirit   +     (no cloak)
rCorr  .         Warding  .     (no gloves)
rMut   .         Stasis   .     (no boots)
MR     ++...                    (no amulet)
Stlth  +.........               (no ring)
                                (no ring)

@: lethally poisoned, exhausted, regenerating, slowed, very slow, very resistant
to hostile enchantments, very unstealthy
A: fangs 2, regeneration 1, magic shield, antimagic bite, no device heal 3, rot
immunity
a: Burn Spellbooks, Berserk, Trog's Hand, Renounce Religion


You were on level 4 of the Dungeon.
You worshipped Trog.
Trog was pleased with you.
You were very hungry.

You visited 1 branch of the dungeon, and saw 4 of its levels.

You collected 78 gold pieces.

Inventory:

Hand weapons
 a - a +0 hand axe (weapon)
Armour
 b - a +0 animal skin
 j - a +0 ring mail (worn)
Scrolls
 d - a scroll of identify {unknown}
 i - 3 scrolls of teleportation {unknown}
 l - a scroll of fear {unknown}
 m - a scroll of blinking {unknown}
Potions
 e - a potion of lignification {unknown}
 k - a potion of berserk rage {unknown}
Comestibles
 c - 3 bread rations
 f - a beef jerky
 g - a meat ration


   Skills:
 - Level 2.6 Fighting
 + Level 5.5 Axes
 - Level 1.5 Armour
 - Level 1.5 Dodging


You had 4 spell levels left.
You didn't know any spells.

Dungeon Overview and Level Annotations

Branches:
Dungeon (4/15)
 Temple: D:4-7

Altars:


Innate Abilities, Weirdness & Mutations

You have extremely sharp teeth.
Your natural rate of healing is unusually fast.
When hurt, damage is shared between your health and your magic reserves.
Your bite disrupts and absorbs the magic of your enemies.
Potions and wands cannot restore your health.
You are immune to rotting.


Message History

The worker ant is moderately wounded.
You feel sick. The worker ant bites you.
* * * LOW HITPOINT WARNING * * *
Throwing (i - inventory):
h - a javelin (quivered)
Press: ? - help, Shift-Dir - straight line, f/p - worker ant
Aim: a worker ant (moderately wounded)
You throw a javelin. The javelin hits the worker ant.
The worker ant is severely wounded.
You feel sick. The worker ant barely misses you.
The worker ant bites you but does no damage.
Firing (i - inventory): No suitable missiles.
Press: ? - help, Shift-Dir - straight line, f/p - worker ant
Aim: a worker ant (severely wounded)
Okay, then.
Drink which item? (? for menu, Esc to quit)
Okay, then.
You barely miss the worker ant.
The worker ant is severely wounded.
You feel sick. The worker ant barely misses you. The worker ant bites you.
You die...

#.. #..(.#
#####.%..#
..........#
#..........##
+..$....(...
#.........# ###.
#......a..# ....#
#......@..# ....#
#.......).# ....#
#.........###....#
+............###.#
########.........#
..
#######..####..#
................#
########..###..#
........<)....#


You could see a worker ant.

Vanquished Creatures
  An ogre (D:4)
  A jelly (D:3)
  A hound skeleton (D:4)
  A giant gecko (D:2)
  6 orcs
  2 bats (D:3)
  3 goblins
  3 hobgoblins
  5 jackals
  A kobold (D:3)
  2 quokkas
  A giant newt (D:2)
  A rat (D:3)
28 creatures vanquished.

Notes
Turn   | Place    | Note
--------------------------------------------------------------
     0 | D:1      | timbw, the Vine Stalker Berserker, began the quest for the Orb.
     0 | D:1      | Reached XP level 1. HP: 11/11 MP: 1/1
    68 | D:2      | Reached skill level 3 in Axes
   103 | D:2      | Reached XP level 2. HP: 16/16 MP: 3/3
   235 | D:3      | Reached skill level 4 in Axes
   235 | D:3      | Reached XP level 3. HP: 16/19 MP: 4/4
   322 | D:3      | Reached XP level 4. HP: 15/23 MP: 5/5
   466 | D:3      | Acquired Trog's second power
   523 | D:4      | Noticed an ogre
   530 | D:4      | HP: 1/34 [ogre/giant spiked club (6)]
   531 | D:4      | Killed an ogre
   531 | D:4      | Reached skill level 5 in Axes
   531 | D:4      | Reached XP level 5. HP: 1/27 MP: 1/7
   541 | D:4      | HP: 1/27 [worker ant (4)]
   543 | D:4      | Slain by a worker ant

Action                   |  1- 3 |  4- 6 || total
-------------------------+-------+-------++-------
Melee: Hand axe          |    41 |    27 ||    68
Throw: Javelin           |       |     4 ||     4
Invok: Berserk           |     1 |     1 ||     2
       Trog's Hand       |       |     2 ||     2
